VANCOUVER vs SAN JOSE

Created - Wednesday, November 22, 2017 at 09:03

Goals
1 2 3 T
VANCOUVER 2 1 0 3
SAN JOSE 2 1 2 5
Shots
1 2 3 T
VANCOUVER 10 20 5 35
SAN JOSE 7 3 14 24

1st period

1. VANCOUVER , Mark Stone 6 (Patrick Kane 7, Ryan Ellis 7) at 2:15 (PP)
2. VANCOUVER , Patrick Kane 6 (Mark Stone 7, Ryan Ellis 8) at 10:11
3. SAN JOSE , Brandon Dubinsky 1 (Alexei Emelin 5, Devante Smith-Pelly 2) at 11:43
4. SAN JOSE , Cody Franson 2 (Corey Perry 9, Kyle Quincey 4) at 12:31

Penalties :
Darren Helm (SJ ) for Tripping (Minor) at 1:45, Cody Ceci (SJ ) for Tripping (Minor) at 14:03, Michael Stone (VAN) for Interference (Minor) at 16:41

2nd period

5. VANCOUVER , Jonathan Huberdeau 9 (T.J. Brodie 9, Ryan Ellis 9) at 13:29
6. SAN JOSE , Brandon Dubinsky 2 (Keith Yandle 12, David Savard 8) at 15:11

Penalties :
David Savard (SJ ) for Interference (Minor) at 1:03, Alexei Emelin (SJ ) for High sticking (Minor) at 2:42, Martin Hanzal (SJ ) for Tripping (Minor) at 17:54

3rd period

7. SAN JOSE , Corey Perry 3 (Keith Yandle 13, Jake Allen) at 8:43 (PP)
8. SAN JOSE , Darren Helm 5 (Kevin Hayes 6, Martin Hanzal 6) at 13:04

Penalties :
Tyler Seguin (VAN) for Slashing (Minor) at 3:06, Nazem Kadri (VAN) for High sticking (Minor) at 8:31, Michael Stone (VAN) for Tripping (Minor) at 10:03, Brandon Dubinsky (SJ ) for Fighting (Major) at 13:18, Jean-Gabriel Pageau (VAN) for Fighting (Major) at 13:18, Cody Franson (SJ ) for Hooking (Minor) at 15:03

Goalie Stats

Martin Jones (VAN), 19 saves from 24 shots - (0.792), L, 8-8-1, 60:00 minutes
Jake Allen (SJ ), 32 saves from 35 shots - (0.914), W, 8-7-2, 60:00 minutes

Players Stats for VANCOUVER

Player Name              G  A  P  +/- PIM S  H  SB GA TA FO     MP     PP MP  PK MP  
------------------------------------------------------------------------------------
Chris Kunitz             0  0  0   0  0   1  1  0  0  0  0/0    12:58   0:00   1:55 
Daniel Sedin             0  0  0  -2  0   0  0  0  0  0  0/0    16:31   3:58   0:00 
Dennis Wideman           0  0  0   0  0   0  0  1  0  0  0/0    12:54   0:00   0:00 
Hampus Lindholm          0  0  0  -2  0   2  3  1  0  0  0/0    22:11   5:53   3:31 
Jean-Gabriel Pageau      0  0  0   0  5   4  1  0  0  0  9/16   13:56   0:00   4:14 
Jonathan Huberdeau       1  0  1  -2  0   1  1  0  0  0  1/1    16:31   3:58   0:00 
Justin Abdelkader        0  0  0   0  0   1  2  0  0  0  0/0    15:17   0:00   4:14 
Lukas Sedlak             0  0  0   0  0   1  0  0  0  0  0/0     4:21   0:00   0:00 
Mark Arcobello           0  0  0   0  0   0  0  0  0  0  2/3     4:10   0:00   0:00 
Mark Stone               1  1  2   0  0   2  2  1  0  0  1/1    22:07   6:07   0:00 
Matt Irwin               0  0  0   0  0   0  0  0  0  0  0/0     3:02   0:00   0:00 
Michael Stone            0  0  0   0  4   1  0  1  0  0  0/0    13:33   0:41   0:00 
Nazem Kadri              0  0  0  -2  2   5  1  1  0  0  10/22  18:59   3:58   1:55 
Nick Schmaltz            0  0  0   0  0   0  0  0  0  0  0/1     4:10   0:00   0:00 
Patrick Kane             1  1  2   0  0   5  2  0  0  0  0/0    22:07   6:07   0:00 
Ryan Ellis               0  3  3   0  0   5  2  0  0  0  0/0    22:53   5:12   2:38 
T.J. Brodie              0  1  1   0  0   5  2  0  0  0  0/0    21:53   4:12   2:38 
Travis Hamonic           0  0  0  -2  0   1  1  0  0  0  0/0    20:30   4:12   3:31 
Tyler Seguin             0  0  0   0  2   1  3  0  0  0  10/27  22:41   6:07   0:00 
Zbynek Michalek          0  0  0   0  0   0  0  0  0  0  0/0     3:02   0:00   0:00 

Players Stats for SAN JOSE

Player Name              G  A  P  +/- PIM S  H  SB GA TA FO     MP     PP MP  PK MP  
------------------------------------------------------------------------------------
Alexei Emelin            0  1  1   0  2   0  4  2  0  0  0/0    21:14   3:01   3:25 
Brandon Dubinsky         2  0  2   2  5   2  1  1  0  0  2/5     4:46   0:00   0:47 
Chris Kreider            0  0  0   1  0   1  1  0  0  0  0/0    17:34   4:01   0:00 
Cody Ceci                0  0  0   0  2   0  4  1  0  0  0/0    22:10   3:01   4:22 
Cody Franson             1  0  1   1  2   1  2  1  0  0  0/0    13:54   0:00   0:25 
Corey Perry              1  1  2   1  0   3  1  0  0  0  1/3    23:18   4:01   5:44 
Darren Helm              1  0  1  -1  2   2  1  0  0  0  0/1    15:13   2:08   0:34 
David Savard             0  1  1   1  2   2  1  3  0  0  0/0    22:32   3:08   3:57 
Devante Smith-Pelly      0  1  1   2  0   1  0  0  0  0  0/0     4:46   0:00   0:00 
Jesper Fast              0  0  0   0  0   1  0  0  0  0  0/1    13:39   0:00   0:44 
Jordan Staal             0  0  0   0  0   1  0  0  0  0  5/10   16:22   0:00   3:27 
Jussi Jokinen            0  0  0   0  0   3  0  0  0  0  0/1    13:41   0:00   0:00 
Keith Yandle             0  2  2   1  0   1  1  3  0  0  0/0    24:06   3:08   5:30 
Kevin Hayes              0  1  1  -1  0   2  0  0  0  0  0/0    14:40   2:08   0:00 
Kyle Quincey             0  1  1   1  0   1  1  0  0  0  0/0    16:00   0:00   2:30 
Lauri Korpikoski         0  0  0   2  0   0  0  1  0  0  0/1     4:46   0:00   0:00 
Martin Hanzal            0  1  1  -1  2   2  0  0  0  0  10/15  17:26   2:08   2:47 
Mike Fisher              0  0  0   1  0   1  2  0  0  0  20/34  23:21   4:01   5:47 

3 Stars

1 - Corey Perry (SJ )
2 - Brandon Dubinsky (SJ )
3 - Keith Yandle (SJ )

Power Play

VANCOUVER - 1 on 6 Attempt(s) - 16.67%
SAN JOSE - 1 on 4 Attempt(s) - 25.00%

Penalty Kill

VANCOUVER - 3 on 4 Attempt(s) - 75.00% - Score 0 goal in Penalty Kill
SAN JOSE - 5 on 6 Attempt(s) - 83.33% - Score 0 goal in Penalty Kill

Team Stat

VANCOUVER - Hits : 21 - Faceoff Wins : 33 - Blocked Shots : 5 - Penalty Minutes : 13
SAN JOSE - Hits : 19 - Faceoff Wins : 38 - Blocked Shots : 12 - Penalty Minutes : 17

Official

Referees : Unknown
Linesman : Unknown

Game Notes

Brandon Dubinsky beats up Jean-Gabriel Pageau at 13:18 of 3rd period

Finance

Level 1 -- Attendance: 4174 (69.57%) -- Ticket Income $417,400
Level 2 -- Attendance: 3542 (70.84%) -- Ticket Income $212,520
Level 3 -- Attendance: 1938 (96.90%) -- Ticket Income $67,830
Level 4 -- Attendance: 3498 (87.45%) -- Ticket Income $69,960
Luxury Box -- Attendance: 685 (68.50%) -- Ticket Income $137,000
Game was played at the SAP Center.
Total Attendance: 13837 (76.87%)
Total Ticket Income: $904,710
Total Income: $904,710

VANCOUVER

5 vs 5 Forward 
   Center                   Left Wing                Right Wing               Time % Phy DF OF 
 1 Tyler Seguin             Patrick Kane             Mark Stone               37     1   2  2  
 2 Nazem Kadri              Jonathan Huberdeau       Daniel Sedin             32     1   2  2  
 3 Jean-Gabriel Pageau      Chris Kunitz             Justin Abdelkader        28     1   2  2  
 4 Mark Arcobello           Nick Schmaltz            Lukas Sedlak             3      1   3  1  

5 vs 5 Defense 
   Defense                  Defense                                           Time % Phy DF OF 
 1 Ryan Ellis               T.J. Brodie                                       40     1   2  2  
 2 Hampus Lindholm          Travis Hamonic                                    35     1   2  2  
 3 Michael Stone            Dennis Wideman                                    25     1   2  2  
 4 Matt Irwin               Zbynek Michalek                                   0      1   2  2  

PowerPlay Forward 
   Center                   Left Wing                Right Wing               Time % Phy DF OF 
 1 Tyler Seguin             Patrick Kane             Mark Stone               60     1   1  3  
 2 Nazem Kadri              Jonathan Huberdeau       Daniel Sedin             40     1   2  2  

PowerPlay Defense
   Defense                  Defense                                           Time % Phy DF OF 
 1 Hampus Lindholm          Ryan Ellis                                        60     1   2  2  
 2 T.J. Brodie              Travis Hamonic                                    40     1   2  2  

Penalty Kill 4 Players Forward 
   Center                   Wing                     Time % Phy DF OF 
 1 Jean-Gabriel Pageau      Justin Abdelkader        60     1   2  2  
 2 Nazem Kadri              Chris Kunitz             40     1   2  2  

Penalty Kill 4 Players Defense
   Defense                  Defense                  Time % Phy DF OF 
 1 Ryan Ellis               T.J. Brodie              60     1   3  1  
 2 Hampus Lindholm          Travis Hamonic           40     1   3  1  

Penalty Kill - 3 Players Forward 
   Forward                                           Time % Phy DF OF 
 1 Jean-Gabriel Pageau                               60     1   3  1  
 2 Nazem Kadri                                       40     1   3  1  

Penalty Kill - 3 Players Defense
   Defense                  Defense                  Time % Phy DF OF 
 1 Ryan Ellis               T.J. Brodie              60     1   4  0  
 2 Hampus Lindholm          Travis Hamonic           40     1   4  0  

4 vs 4 Forward 
   Center                   Wing                     Time % Phy DF OF 
 1 Tyler Seguin             Patrick Kane             60     1   2  2  
 2 Nazem Kadri              Jonathan Huberdeau       40     1   2  2  

4 vs 4 Defense
   Defense                  Defense                  Time % Phy DF OF 
 1 Ryan Ellis               Hampus Lindholm          60     1   2  2  
 2 T.J. Brodie              Travis Hamonic           40     1   2  2  

Last Minutes Offensive
   Center                   Left Wing                Right Wing               Defense                  Defense                  
   Jean-Gabriel Pageau      Patrick Kane             Tyler Seguin             Jonathan Huberdeau       Nazem Kadri              

Last Minutes Defensive
   Center                   Left Wing                Right Wing               Defense                  Defense                  
   Jean-Gabriel Pageau      Nazem Kadri              Justin Abdelkader        Ryan Ellis               Hampus Lindholm          

Goaltenders
Starting : Martin Jones             
Backup : Casey DeSmith            

Extra Forwards
Normal : Nazem Kadri, Tyler Seguin, Patrick Kane - PP : Nazem Kadri, Patrick Kane - PK : Tyler Seguin
Extra Defensemen
Normal : Hampus Lindholm, Ryan Ellis, T.J. Brodie - PP : Michael Stone - PK : Hampus Lindholm, Ryan Ellis
Penalty Shots
Tyler Seguin, Patrick Kane, Jonathan Huberdeau, Nazem Kadri, Mark Stone

Scratches
None

SAN JOSE

5 vs 5 Forward 
   Center                   Left Wing                Right Wing               Time % Phy DF OF 
 1 Mike Fisher              Chris Kreider            Corey Perry              35     1   2  2  
 2 Martin Hanzal            Kevin Hayes              Darren Helm              30     1   2  2  
 3 Jordan Staal             Jussi Jokinen            Jesper Fast              25     1   2  2  
 4 Brandon Dubinsky         Lauri Korpikoski         Devante Smith-Pelly      10     1   2  2  

5 vs 5 Defense 
   Defense                  Defense                                           Time % Phy DF OF 
 1 David Savard             Keith Yandle                                      35     1   2  2  
 2 Cody Ceci                Alexei Emelin                                     30     1   2  2  
 3 Cody Franson             Kyle Quincey                                      25     1   2  2  
 4 David Savard             Keith Yandle                                      10     1   2  2  

PowerPlay Forward 
   Center                   Left Wing                Right Wing               Time % Phy DF OF 
 1 Mike Fisher              Chris Kreider            Corey Perry              60     1   2  2  
 2 Martin Hanzal            Kevin Hayes              Darren Helm              40     1   2  2  

PowerPlay Defense
   Defense                  Defense                                           Time % Phy DF OF 
 1 David Savard             Keith Yandle                                      60     1   2  2  
 2 Cody Ceci                Alexei Emelin                                     40     1   2  2  

Penalty Kill 4 Players Forward 
   Center                   Wing                     Time % Phy DF OF 
 1 Mike Fisher              Corey Perry              60     1   2  2  
 2 Martin Hanzal            Jordan Staal             40     1   2  2  

Penalty Kill 4 Players Defense
   Defense                  Defense                  Time % Phy DF OF 
 1 David Savard             Keith Yandle             60     1   2  2  
 2 Cody Ceci                Alexei Emelin            40     1   2  2  

Penalty Kill - 3 Players Forward 
   Forward                                           Time % Phy DF OF 
 1 Mike Fisher                                       60     1   2  2  
 2 Corey Perry                                       40     1   2  2  

Penalty Kill - 3 Players Defense
   Defense                  Defense                  Time % Phy DF OF 
 1 David Savard             Keith Yandle             60     1   2  2  
 2 Cody Ceci                Alexei Emelin            40     1   2  2  

4 vs 4 Forward 
   Center                   Wing                     Time % Phy DF OF 
 1 Mike Fisher              Corey Perry              60     1   2  2  
 2 Martin Hanzal            Jordan Staal             40     1   2  2  

4 vs 4 Defense
   Defense                  Defense                  Time % Phy DF OF 
 1 David Savard             Keith Yandle             60     1   2  2  
 2 Cody Ceci                Alexei Emelin            40     1   2  2  

Last Minutes Offensive
   Center                   Left Wing                Right Wing               Defense                  Defense                  
   Mike Fisher              Chris Kreider            Corey Perry              David Savard             Keith Yandle             

Last Minutes Defensive
   Center                   Left Wing                Right Wing               Defense                  Defense                  
   Mike Fisher              Chris Kreider            Corey Perry              David Savard             Keith Yandle             

Goaltenders
Starting : Jake Allen               
Backup : Jeff Zatkoff             

Extra Forwards
Normal : Brandon Dubinsky, Jussi Jokinen, Jesper Fast - PP : Brandon Dubinsky, Jussi Jokinen - PK : Jesper Fast
Extra Defensemen
Normal : Cody Franson, Kyle Quincey, Cody Ceci - PP : Cody Franson - PK : Kyle Quincey, Cody Ceci
Penalty Shots
Mike Fisher, Corey Perry, Martin Hanzal, Jordan Staal, Brandon Dubinsky

Scratches
SJ CAP HIT (Suspend), Ryan Button (Healthy), John Persson (Healthy)

% Time on Ice - VANCOUVER

Lines # - Real PCT - Wanted PCT - Time Play
Normal Forward
1 - 37% - 37% - 16:00
2 - 29% - 32% - 12:33
3 - 25% - 28% - 11:03
4 - 10% - 3% - 4:10
Normal Defense
1 - 34% - 40% - 15:03
2 - 29% - 35% - 12:47
3 - 29% - 25% - 12:54
4 - 7% - 0% - 3:02
PP Forward
1 - 61% - 60% - 6:07
2 - 39% - 40% - 3:58
PP Defense
1 - 58% - 60% - 5:53
2 - 42% - 40% - 4:12
PK Forward
1 - 69% - 60% - 4:14
2 - 31% - 40% - 1:55
PK Defense
1 - 43% - 60% - 2:38
2 - 57% - 40% - 3:31
PK3 Forward
1 - 0% - 60%
2 - 0% - 40%
PK3 Defense
1 - 0% - 60%
2 - 0% - 40%
44 Forward
1 - 0% - 60%
2 - 0% - 40%
44 Defense
1 - 0% - 60%
2 - 0% - 40%
Last Minute Offensive  - 0:00
Last Minute Defensive  - 0:00
Total
Forward - 60:00
Defense - 60:00

% Time on Ice - SAN JOSE

Lines # - Real PCT - Wanted PCT - Time Play
Normal Forward
1 - 31% - 35% - 13:33
2 - 29% - 30% - 12:32
3 - 30% - 25% - 12:55
4 - 11% - 10% - 4:46
Normal Defense
1 - 33% - 35% - 14:16
2 - 34% - 30% - 14:48
3 - 31% - 25% - 13:30
4 - 3% - 10% - 1:12
PP Forward
1 - 65% - 60% - 4:01
2 - 35% - 40% - 2:08
PP Defense
1 - 51% - 60% - 3:08
2 - 49% - 40% - 3:01
PK Forward
1 - 65% - 60% - 6:18
2 - 35% - 40% - 3:27
PK Defense
1 - 54% - 60% - 5:15
2 - 46% - 40% - 4:30
PK3 Forward
1 - 100% - 60% - 0:20
2 - 0% - 40% - 0:00
PK3 Defense
1 - 100% - 60% - 0:20
2 - 0% - 40% - 0:00
44 Forward
1 - 0% - 60%
2 - 0% - 40%
44 Defense
1 - 0% - 60%
2 - 0% - 40%
Last Minute Offensive  - 0:00
Last Minute Defensive  - 0:00
Total
Forward - 60:00
Defense - 60:00

Play by Play

1st period


0:01 of 1st period - Mike Fisher wins face-off versus Tyler Seguin in neutral zone.
0:07 of 1st period - Icing by T.J. Brodie.
0:08 of 1st period - Martin Hanzal wins face-off versus Tyler Seguin in VANCOUVER zone.
0:15 of 1st period - Kevin Hayes is hit by Ryan Ellis and loses puck.
0:24 of 1st period - Shot by Kevin Hayes.
0:24 of 1st period - Stopped by Martin Jones without a rebound.
0:25 of 1st period - Nazem Kadri wins face-off versus Jordan Staal in VANCOUVER zone.
0:52 of 1st period - Shot by Jussi Jokinen.
0:52 of 1st period - Stopped by Martin Jones without a rebound.
0:53 of 1st period - Jean-Gabriel Pageau wins face-off versus Mike Fisher in VANCOUVER zone.
1:16 of 1st period - Shot by Jean-Gabriel Pageau.
1:16 of 1st period - Shot Misses the Net.
1:45 of 1st period - Minor Penalty to Darren Helm for Tripping.
1:46 of 1st period - Mike Fisher wins face-off versus Tyler Seguin in SAN JOSE zone.
2:13 of 1st period - Shot by Patrick Kane.
2:13 of 1st period - Shot Blocked by Alexei Emelin.
2:15 of 1st period - Shot by Mark Stone.
2:15 of 1st period - Goal by Mark Stone - VANCOUVER : 1 - SAN JOSE : 0.
2:16 of 1st period - Nazem Kadri wins face-off versus Brandon Dubinsky in neutral zone.
2:33 of 1st period - Icing by Zbynek Michalek.
2:34 of 1st period - Martin Hanzal wins face-off versus Nazem Kadri in VANCOUVER zone.
2:35 of 1st period - Shot by Darren Helm.
2:35 of 1st period - Shot Misses the Net.
2:37 of 1st period - Shot by Kevin Hayes.
2:37 of 1st period - Shot Misses the Net.
3:33 of 1st period - Icing by Keith Yandle.
3:34 of 1st period - Tyler Seguin wins face-off versus Jordan Staal in SAN JOSE zone.
4:13 of 1st period - Shot by Tyler Seguin.
4:13 of 1st period - Shot Blocked by Keith Yandle.
4:15 of 1st period - Shot by Mark Stone.
4:15 of 1st period - Shot Misses the Net.
4:17 of 1st period - Shot by Ryan Ellis.
4:17 of 1st period - Stopped by Jake Allen with a rebound.
4:19 of 1st period - Shot by Ryan Ellis.
4:19 of 1st period - Stopped by Jake Allen with a rebound.
4:35 of 1st period - Shot by Jean-Gabriel Pageau.
4:35 of 1st period - Stopped by Jake Allen without a rebound.
4:36 of 1st period - Mike Fisher wins face-off versus Mark Arcobello in SAN JOSE zone.
4:50 of 1st period - Chris Kreider is hit by Hampus Lindholm and loses puck.
5:35 of 1st period - Icing by Travis Hamonic.
5:36 of 1st period - Brandon Dubinsky wins face-off versus Nick Schmaltz in VANCOUVER zone.
5:36 of 1st period - Brandon Dubinsky is hit by Travis Hamonic.
7:05 of 1st period - Shot by Kevin Hayes.
7:05 of 1st period - Shot Misses the Net.
7:07 of 1st period - Shot by Kevin Hayes.
7:07 of 1st period - Shot Misses the Net.
7:21 of 1st period - Shot by Chris Kreider.
7:21 of 1st period - Stopped by Martin Jones without a rebound.
7:22 of 1st period - Jean-Gabriel Pageau wins face-off versus Mike Fisher in VANCOUVER zone.
7:22 of 1st period - Justin Abdelkader is hit by Chris Kreider and loses puck.
7:26 of 1st period - Michael Stone is hit by Mike Fisher and loses puck.
7:40 of 1st period - Justin Abdelkader is hit by Mike Fisher and loses puck.
7:46 of 1st period - Jean-Gabriel Pageau is hit by Kyle Quincey and loses puck.
9:09 of 1st period - Nazem Kadri is hit by Cody Ceci and loses puck.
9:32 of 1st period - Shot by Martin Hanzal.
9:32 of 1st period - Stopped by Martin Jones without a rebound.
9:33 of 1st period - Martin Hanzal wins face-off versus Tyler Seguin in VANCOUVER zone.
10:07 of 1st period - Mark Stone is hit by Keith Yandle.
10:11 of 1st period - Shot by Patrick Kane.
10:11 of 1st period - Goal by Patrick Kane - VANCOUVER : 2 - SAN JOSE : 0.
10:12 of 1st period - Jean-Gabriel Pageau wins face-off versus Mike Fisher in neutral zone.
10:15 of 1st period - Cody Franson is hit by Justin Abdelkader and loses puck.
10:44 of 1st period - Shot by Mike Fisher.
10:44 of 1st period - Deflect By Chris Kreider.
10:44 of 1st period - Shot Misses the Net.
11:43 of 1st period - Shot by Brandon Dubinsky.
11:43 of 1st period - Goal by Brandon Dubinsky - VANCOUVER : 2 - SAN JOSE : 1.
11:44 of 1st period - Martin Hanzal wins face-off versus Tyler Seguin in neutral zone.
11:56 of 1st period - Shot by Mark Stone.
11:56 of 1st period - Stopped by Jake Allen with a rebound.
12:15 of 1st period - Icing by T.J. Brodie.
12:16 of 1st period - Mike Fisher wins face-off versus Tyler Seguin in VANCOUVER zone.
12:16 of 1st period - Cody Franson is hit by T.J. Brodie and loses puck.
12:29 of 1st period - Shot by Corey Perry.
12:29 of 1st period - Shot Misses the Net.
12:31 of 1st period - Shot by Cody Franson.
12:31 of 1st period - Goal by Cody Franson - VANCOUVER : 2 - SAN JOSE : 2.
12:32 of 1st period - Jordan Staal wins face-off versus Nazem Kadri in neutral zone.
12:51 of 1st period - Shot by Jordan Staal.
12:51 of 1st period - Shot Misses the Net.
13:40 of 1st period - Justin Abdelkader is hit by Alexei Emelin and loses puck.
13:52 of 1st period - Jean-Gabriel Pageau is hit by Alexei Emelin and loses puck.
14:03 of 1st period - Shot by Jean-Gabriel Pageau.
14:03 of 1st period - Stopped by Jake Allen without a rebound.
14:03 of 1st period - Minor Penalty to Cody Ceci for Tripping.
14:04 of 1st period - Mike Fisher wins face-off versus Tyler Seguin in SAN JOSE zone.
14:04 of 1st period - Mike Fisher is hit by Mark Stone.
15:04 of 1st period - Shot by Nazem Kadri.
15:04 of 1st period - Stopped by Jake Allen with a rebound.
15:15 of 1st period - Shot by Nazem Kadri.
15:15 of 1st period - Stopped by Jake Allen without a rebound.
15:16 of 1st period - Mike Fisher wins face-off versus Tyler Seguin in SAN JOSE zone.
16:41 of 1st period - Minor Penalty to Michael Stone for Interference.
16:42 of 1st period - Mike Fisher wins face-off versus Jean-Gabriel Pageau in VANCOUVER zone.
16:43 of 1st period - Shot by Keith Yandle.
16:43 of 1st period - Shot Misses the Net.
16:53 of 1st period - Shot by David Savard.
16:53 of 1st period - Stopped by Martin Jones with a rebound.
16:55 of 1st period - Shot by Keith Yandle.
16:55 of 1st period - Shot Misses the Net.
17:30 of 1st period - Shot by Darren Helm.
17:30 of 1st period - Shot Misses the Net.
17:32 of 1st period - Shot by Martin Hanzal.
17:32 of 1st period - Shot Misses the Net.
18:07 of 1st period - Icing by Keith Yandle.
18:08 of 1st period - Mike Fisher wins face-off versus Nazem Kadri in SAN JOSE zone.
18:14 of 1st period - David Savard is hit by T.J. Brodie and loses puck.
19:06 of 1st period - Shot by Tyler Seguin.
19:06 of 1st period - Shot Hit the Post.
19:08 of 1st period - Shot by Tyler Seguin.
19:08 of 1st period - Shot Misses the Net.
19:49 of 1st period - Matt Irwin is hit by Alexei Emelin and loses puck.
19:52 of 1st period - Shot by Lukas Sedlak.
19:52 of 1st period - Stopped by Jake Allen without a rebound.
19:53 of 1st period - Nazem Kadri wins face-off versus Lauri Korpikoski in SAN JOSE zone.
Goals for this period are 2 for VANCOUVER vs 2 for SAN JOSE.
Shots for this period are 10 for VANCOUVER vs 7 for SAN JOSE.

2nd period


0:01 of 2nd period - Nazem Kadri wins face-off versus Mike Fisher in neutral zone.
0:09 of 2nd period - Jonathan Huberdeau is hit by David Savard and loses puck.
0:14 of 2nd period - Shot by Nazem Kadri.
0:14 of 2nd period - Stopped by Jake Allen with a rebound.
0:16 of 2nd period - Shot by Nazem Kadri.
0:16 of 2nd period - Shot Blocked by Keith Yandle.
0:18 of 2nd period - Shot by Hampus Lindholm.
0:18 of 2nd period - Stopped by Jake Allen with a rebound.
0:20 of 2nd period - Shot by Nazem Kadri.
0:20 of 2nd period - Stopped by Jake Allen without a rebound.
0:21 of 2nd period - Tyler Seguin wins face-off versus Martin Hanzal in SAN JOSE zone.
0:24 of 2nd period - Shot by Tyler Seguin.
0:24 of 2nd period - Shot Misses the Net.
0:26 of 2nd period - Shot by Ryan Ellis.
0:26 of 2nd period - Deflect By Patrick Kane.
0:26 of 2nd period - Shot Misses the Net.
0:29 of 2nd period - Tyler Seguin is hit by Cody Ceci and loses puck.
0:38 of 2nd period - Shot by Patrick Kane.
0:38 of 2nd period - Stopped by Jake Allen with a rebound.
0:44 of 2nd period - Shot by Patrick Kane.
0:44 of 2nd period - Stopped by Jake Allen without a rebound.
0:45 of 2nd period - Mike Fisher wins face-off versus Nazem Kadri in SAN JOSE zone.
1:03 of 2nd period - Minor Penalty to David Savard for Interference.
1:04 of 2nd period - Tyler Seguin wins face-off versus Mike Fisher in SAN JOSE zone.
1:05 of 2nd period - Shot by Ryan Ellis.
1:05 of 2nd period - Stopped by Jake Allen with a rebound.
1:45 of 2nd period - Shot by Ryan Ellis.
1:45 of 2nd period - Shot Misses the Net.
2:24 of 2nd period - Shot by T.J. Brodie.
2:24 of 2nd period - Shot Blocked by Cody Ceci.
2:26 of 2nd period - Shot by Travis Hamonic.
2:26 of 2nd period - Stopped by Jake Allen with a rebound.
2:28 of 2nd period - Shot by T.J. Brodie.
2:28 of 2nd period - Stopped by Jake Allen with a rebound.
2:30 of 2nd period - Shot by T.J. Brodie.
2:30 of 2nd period - Stopped by Jake Allen without a rebound.
2:31 of 2nd period - Martin Hanzal wins face-off versus Nazem Kadri in SAN JOSE zone.
2:36 of 2nd period - Martin Hanzal is hit by Nazem Kadri and loses puck.
2:42 of 2nd period - Minor Penalty to Alexei Emelin for High sticking.
2:43 of 2nd period - Tyler Seguin wins face-off versus Mike Fisher in SAN JOSE zone.
3:30 of 2nd period - Shot by T.J. Brodie.
3:30 of 2nd period - Shot Blocked by David Savard.
3:38 of 2nd period - Shot by Nazem Kadri.
3:38 of 2nd period - Shot Misses the Net.
3:40 of 2nd period - Shot by T.J. Brodie.
3:40 of 2nd period - Stopped by Jake Allen without a rebound.
3:41 of 2nd period - Martin Hanzal wins face-off versus Nazem Kadri in SAN JOSE zone.
4:00 of 2nd period - Shot by Daniel Sedin.
4:00 of 2nd period - Shot Misses the Net.
4:02 of 2nd period - Shot by Nazem Kadri.
4:02 of 2nd period - Stopped by Jake Allen without a rebound.
4:03 of 2nd period - Mike Fisher wins face-off versus Tyler Seguin in SAN JOSE zone.
4:03 of 2nd period - Keith Yandle is hit by Patrick Kane.
4:16 of 2nd period - Icing by Hampus Lindholm.
4:17 of 2nd period - Tyler Seguin wins face-off versus Corey Perry in VANCOUVER zone.
4:22 of 2nd period - Shot by Hampus Lindholm.
4:22 of 2nd period - Shot Misses the Net.
4:24 of 2nd period - Shot by Tyler Seguin.
4:24 of 2nd period - Deflect By Patrick Kane.
4:24 of 2nd period - Stopped by Jake Allen without a rebound.
4:25 of 2nd period - Jonathan Huberdeau wins face-off versus Corey Perry in SAN JOSE zone.
4:40 of 2nd period - Shot by T.J. Brodie.
4:40 of 2nd period - Stopped by Jake Allen without a rebound.
4:41 of 2nd period - Tyler Seguin wins face-off versus Mike Fisher in SAN JOSE zone.
4:54 of 2nd period - Shot by Justin Abdelkader.
4:54 of 2nd period - Shot Misses the Net.
4:56 of 2nd period - Shot by Jean-Gabriel Pageau.
4:56 of 2nd period - Shot Misses the Net.
5:05 of 2nd period - Icing by Dennis Wideman.
5:06 of 2nd period - Mike Fisher wins face-off versus Jean-Gabriel Pageau in VANCOUVER zone.
5:28 of 2nd period - Icing by Alexei Emelin.
5:29 of 2nd period - Mike Fisher wins face-off versus Tyler Seguin in SAN JOSE zone.
5:57 of 2nd period - Alexei Emelin is hit by Mark Stone and loses puck.
6:25 of 2nd period - Icing by Cody Ceci.
6:26 of 2nd period - Corey Perry wins face-off versus Nazem Kadri in SAN JOSE zone.
6:44 of 2nd period - Icing by Cody Ceci.
6:45 of 2nd period - Mike Fisher wins face-off versus Jean-Gabriel Pageau in SAN JOSE zone.
6:45 of 2nd period - Mike Fisher is hit by Chris Kunitz.
7:09 of 2nd period - Shot by Justin Abdelkader.
7:09 of 2nd period - Stopped by Jake Allen without a rebound.
7:10 of 2nd period - Nazem Kadri wins face-off versus Jordan Staal in SAN JOSE zone.
7:11 of 2nd period - Shot by Travis Hamonic.
7:11 of 2nd period - Shot Misses the Net.
7:41 of 2nd period - Jussi Jokinen is hit by Hampus Lindholm and loses puck.
7:44 of 2nd period - Shot by Jesper Fast.
7:44 of 2nd period - Stopped by Martin Jones without a rebound.
7:45 of 2nd period - Martin Hanzal wins face-off versus Tyler Seguin in VANCOUVER zone.
7:57 of 2nd period - Off-side.
7:58 of 2nd period - Jean-Gabriel Pageau wins face-off versus Brandon Dubinsky in neutral zone.
8:36 of 2nd period - David Savard is hit by Justin Abdelkader and loses puck.
8:59 of 2nd period - Darren Helm is hit by Hampus Lindholm and loses puck.
9:19 of 2nd period - Shot by Patrick Kane.
9:19 of 2nd period - Stopped by Jake Allen without a rebound.
9:20 of 2nd period - Mike Fisher wins face-off versus Nazem Kadri in SAN JOSE zone.
9:27 of 2nd period - Shot by Corey Perry.
9:27 of 2nd period - Shot Blocked by Dennis Wideman.
9:31 of 2nd period - Shot by Chris Kreider.
9:31 of 2nd period - Shot Blocked by Nazem Kadri.
9:33 of 2nd period - Shot by Cody Ceci.
9:33 of 2nd period - Shot Misses the Net.
9:41 of 2nd period - Shot by Chris Kreider.
9:41 of 2nd period - Shot Misses the Net.
10:40 of 2nd period - Shot by Mark Stone.
10:40 of 2nd period - Shot Misses the Net.
10:46 of 2nd period - Shot by Tyler Seguin.
10:46 of 2nd period - Stopped by Jake Allen without a rebound.
10:47 of 2nd period - Jordan Staal wins face-off versus Jean-Gabriel Pageau in SAN JOSE zone.
11:51 of 2nd period - Icing by Travis Hamonic.
11:52 of 2nd period - Tyler Seguin wins face-off versus Mike Fisher in VANCOUVER zone.
11:57 of 2nd period - Shot by Patrick Kane.
11:57 of 2nd period - Shot Misses the Net.
11:59 of 2nd period - Shot by Hampus Lindholm.
11:59 of 2nd period - Stopped by Jake Allen without a rebound.
12:00 of 2nd period - Mike Fisher wins face-off versus Nazem Kadri in SAN JOSE zone.
12:07 of 2nd period - Shot by David Savard.
12:07 of 2nd period - Stopped by Martin Jones without a rebound.
12:08 of 2nd period - Mike Fisher wins face-off versus Tyler Seguin in VANCOUVER zone.
13:29 of 2nd period - Shot by Jonathan Huberdeau.
13:29 of 2nd period - Goal by Jonathan Huberdeau - VANCOUVER : 3 - SAN JOSE : 2.
13:30 of 2nd period - Jordan Staal wins face-off versus Jean-Gabriel Pageau in neutral zone.
13:47 of 2nd period - Shot by Justin Abdelkader.
13:47 of 2nd period - Deflect By Chris Kunitz.
13:47 of 2nd period - Shot Blocked by Cody Franson.
13:49 of 2nd period - Shot by Michael Stone.
13:49 of 2nd period - Deflect By Chris Kunitz.
13:49 of 2nd period - Shot Misses the Net.
13:51 of 2nd period - Shot by Michael Stone.
13:51 of 2nd period - Stopped by Jake Allen with a rebound.
13:53 of 2nd period - Shot by Jean-Gabriel Pageau.
13:53 of 2nd period - Shot Misses the Net.
14:07 of 2nd period - Shot by Dennis Wideman.
14:07 of 2nd period - Shot Misses the Net.
14:13 of 2nd period - Shot by Jean-Gabriel Pageau.
14:13 of 2nd period - Stopped by Jake Allen without a rebound.
14:14 of 2nd period - Nazem Kadri wins face-off versus Martin Hanzal in SAN JOSE zone.
14:14 of 2nd period - Nazem Kadri is hit by Cody Ceci.
14:47 of 2nd period - Kevin Hayes is hit by Ryan Ellis and loses puck.
15:11 of 2nd period - Shot by Brandon Dubinsky.
15:11 of 2nd period - Goal by Brandon Dubinsky - VANCOUVER : 3 - SAN JOSE : 3.
15:12 of 2nd period - Mark Stone wins face-off versus Mike Fisher in neutral zone.
16:34 of 2nd period - Justin Abdelkader is hit by Cody Franson and loses puck.
16:40 of 2nd period - Chris Kunitz is hit by Cody Franson and loses puck.
17:22 of 2nd period - Ryan Ellis is hit by Darren Helm and loses puck.
17:54 of 2nd period - Minor Penalty to Martin Hanzal for Tripping.
17:55 of 2nd period - Mike Fisher wins face-off versus Tyler Seguin in SAN JOSE zone.
18:18 of 2nd period - Shot by Mark Stone.
18:18 of 2nd period - Shot Blocked by David Savard.
Goals for this period are 1 for VANCOUVER vs 1 for SAN JOSE.
Shots for this period are 20 for VANCOUVER vs 3 for SAN JOSE.

3rd period


0:01 of 3rd period - Mike Fisher wins face-off versus Tyler Seguin in neutral zone.
0:20 of 3rd period - Shot by Patrick Kane.
0:20 of 3rd period - Deflect By Tyler Seguin.
0:20 of 3rd period - Shot Blocked by David Savard.
0:28 of 3rd period - Shot by Patrick Kane.
0:28 of 3rd period - Shot Blocked by Keith Yandle.
0:30 of 3rd period - Shot by Patrick Kane.
0:30 of 3rd period - Shot Misses the Net.
0:53 of 3rd period - David Savard is hit by Patrick Kane and loses puck.
1:42 of 3rd period - Shot by Jonathan Huberdeau.
1:42 of 3rd period - Shot Misses the Net.
1:55 of 3rd period - Shot by Martin Hanzal.
1:55 of 3rd period - Stopped by Martin Jones without a rebound.
1:56 of 3rd period - Jean-Gabriel Pageau wins face-off versus Jordan Staal in VANCOUVER zone.
2:09 of 3rd period - Shot by Jean-Gabriel Pageau.
2:09 of 3rd period - Stopped by Jake Allen without a rebound.
2:10 of 3rd period - Martin Hanzal wins face-off versus Tyler Seguin in SAN JOSE zone.
2:10 of 3rd period - Martin Hanzal is hit by Tyler Seguin.
2:17 of 3rd period - Martin Hanzal is hit by Tyler Seguin and loses puck.
2:56 of 3rd period - Patrick Kane is hit by Alexei Emelin and loses puck.
3:06 of 3rd period - Minor Penalty to Tyler Seguin for Slashing.
3:07 of 3rd period - Jean-Gabriel Pageau wins face-off versus Mike Fisher in VANCOUVER zone.
3:28 of 3rd period - Shot by David Savard.
3:28 of 3rd period - Shot Misses the Net.
3:32 of 3rd period - Shot by Chris Kreider.
3:32 of 3rd period - Shot Misses the Net.
3:34 of 3rd period - Shot by David Savard.
3:34 of 3rd period - Shot Misses the Net.
5:08 of 3rd period - Icing by Dennis Wideman.
5:09 of 3rd period - Jordan Staal wins face-off versus Tyler Seguin in VANCOUVER zone.
5:18 of 3rd period - Shot by Jussi Jokinen.
5:18 of 3rd period - Shot Misses the Net.
5:26 of 3rd period - Shot by Jesper Fast.
5:26 of 3rd period - Shot Blocked by Mark Stone.
5:28 of 3rd period - Shot by Jussi Jokinen.
5:28 of 3rd period - Stopped by Martin Jones with a rebound.
5:52 of 3rd period - Shot by Jussi Jokinen.
5:52 of 3rd period - Shot Misses the Net.
6:36 of 3rd period - Shot by Jonathan Huberdeau.
6:36 of 3rd period - Shot Blocked by Brandon Dubinsky.
6:39 of 3rd period - Icing by Brandon Dubinsky.
6:40 of 3rd period - Mark Arcobello wins face-off versus Brandon Dubinsky in SAN JOSE zone.
7:08 of 3rd period - Hampus Lindholm is hit by Cody Ceci and loses puck.
7:56 of 3rd period - Shot by Darren Helm.
7:56 of 3rd period - Stopped by Martin Jones without a rebound.
7:57 of 3rd period - Nazem Kadri wins face-off versus Jordan Staal in VANCOUVER zone.
8:02 of 3rd period - Shot by Ryan Ellis.
8:02 of 3rd period - Stopped by Jake Allen without a rebound.
8:03 of 3rd period - Nazem Kadri wins face-off versus Darren Helm in SAN JOSE zone.
8:14 of 3rd period - Shot by T.J. Brodie.
8:14 of 3rd period - Stopped by Jake Allen with a rebound.
8:20 of 3rd period - Shot by Jonathan Huberdeau.
8:20 of 3rd period - Shot Misses the Net.
8:31 of 3rd period - Minor Penalty to Nazem Kadri for High sticking.
8:32 of 3rd period - Jean-Gabriel Pageau wins face-off versus Mike Fisher in VANCOUVER zone.
8:43 of 3rd period - Shot by Corey Perry.
8:43 of 3rd period - Goal by Corey Perry - VANCOUVER : 3 - SAN JOSE : 4.
8:44 of 3rd period - Jordan Staal wins face-off versus Tyler Seguin in neutral zone.
8:44 of 3rd period - Jussi Jokinen is hit by Tyler Seguin and loses puck.
9:09 of 3rd period - Shot by Jussi Jokinen.
9:09 of 3rd period - Shot Misses the Net.
9:53 of 3rd period - Mark Stone is hit by Corey Perry and loses puck.
10:03 of 3rd period - Minor Penalty to Michael Stone for Tripping.
10:04 of 3rd period - Jean-Gabriel Pageau wins face-off versus Martin Hanzal in VANCOUVER zone.
10:18 of 3rd period - Shot by David Savard.
10:18 of 3rd period - Shot Misses the Net.
10:20 of 3rd period - Shot by Keith Yandle.
10:20 of 3rd period - Stopped by Martin Jones without a rebound.
10:21 of 3rd period - Jean-Gabriel Pageau wins face-off versus Mike Fisher in VANCOUVER zone.
11:35 of 3rd period - Icing by Alexei Emelin.
11:36 of 3rd period - Mike Fisher wins face-off versus Jean-Gabriel Pageau in SAN JOSE zone.
11:36 of 3rd period - Mike Fisher is hit by Jean-Gabriel Pageau.
12:34 of 3rd period - Shot by Jordan Staal.
12:34 of 3rd period - Stopped by Martin Jones without a rebound.
12:35 of 3rd period - Martin Hanzal wins face-off versus Nazem Kadri in VANCOUVER zone.
12:54 of 3rd period - Shot by Martin Hanzal.
12:54 of 3rd period - Shot Blocked by Hampus Lindholm.
12:56 of 3rd period - Shot by Kevin Hayes.
12:56 of 3rd period - Stopped by Martin Jones with a rebound.
13:04 of 3rd period - Shot by Darren Helm.
13:04 of 3rd period - Goal by Darren Helm - VANCOUVER : 3 - SAN JOSE : 5.
13:05 of 3rd period - Brandon Dubinsky wins face-off versus Jean-Gabriel Pageau in neutral zone.
13:08 of 3rd period - Chris Kunitz is hit by Brandon Dubinsky and loses puck.
13:18 of 3rd period - Brandon Dubinsky beats up Jean-Gabriel Pageau.
13:18 of 3rd period - Penalty to Brandon Dubinsky for Fighting.
13:18 of 3rd period - Penalty to Jean-Gabriel Pageau for Fighting.
13:19 of 3rd period - Tyler Seguin wins face-off versus Jesper Fast in neutral zone.
13:45 of 3rd period - Shot by Jussi Jokinen.
13:45 of 3rd period - Stopped by Martin Jones with a rebound.
13:47 of 3rd period - Shot by Keith Yandle.
13:47 of 3rd period - Shot Blocked by Michael Stone.
13:49 of 3rd period - Shot by Jordan Staal.
13:49 of 3rd period - Shot Misses the Net.
14:29 of 3rd period - Shot by Corey Perry.
14:29 of 3rd period - Stopped by Martin Jones without a rebound.
14:30 of 3rd period - Martin Hanzal wins face-off versus Nazem Kadri in VANCOUVER zone.
15:01 of 3rd period - Shot by Nazem Kadri.
15:01 of 3rd period - Shot Misses the Net.
15:03 of 3rd period - Shot by Chris Kunitz.
15:03 of 3rd period - Stopped by Jake Allen without a rebound.
15:03 of 3rd period - Minor Penalty to Cody Franson for Hooking.
15:04 of 3rd period - Mike Fisher wins face-off versus Nazem Kadri in SAN JOSE zone.
15:25 of 3rd period - Shot by Nazem Kadri.
15:25 of 3rd period - Deflect By Jonathan Huberdeau.
15:25 of 3rd period - Shot Misses the Net.
15:27 of 3rd period - Shot by Daniel Sedin.
15:27 of 3rd period - Deflect By Jonathan Huberdeau.
15:27 of 3rd period - Shot Misses the Net.
15:29 of 3rd period - Shot by Ryan Ellis.
15:29 of 3rd period - Stopped by Jake Allen without a rebound.
15:30 of 3rd period - Tyler Seguin wins face-off versus Mike Fisher in SAN JOSE zone.
15:49 of 3rd period - Shot by Patrick Kane.
15:49 of 3rd period - Shot Blocked by Alexei Emelin.
16:03 of 3rd period - Shot by Patrick Kane.
16:03 of 3rd period - Shot Misses the Net.
16:23 of 3rd period - Shot by Corey Perry.
16:23 of 3rd period - Deflect By Mike Fisher.
16:23 of 3rd period - Shot Misses the Net.
16:25 of 3rd period - Shot by Mike Fisher.
16:25 of 3rd period - Stopped by Martin Jones without a rebound.
16:26 of 3rd period - Nazem Kadri wins face-off versus Martin Hanzal in VANCOUVER zone.
16:31 of 3rd period - Martin Hanzal is hit by Jonathan Huberdeau and loses puck.
16:40 of 3rd period - Shot by Nazem Kadri.
16:40 of 3rd period - Shot Misses the Net.
16:54 of 3rd period - Shot by Jonathan Huberdeau.
16:54 of 3rd period - Shot Misses the Net.
17:13 of 3rd period - Icing by Jussi Jokinen.
17:14 of 3rd period - Tyler Seguin wins face-off versus Jussi Jokinen in SAN JOSE zone.
17:15 of 3rd period - Shot by Chris Kunitz.
17:15 of 3rd period - Shot Blocked by Lauri Korpikoski.
17:42 of 3rd period - Shot by Lauri Korpikoski.
17:42 of 3rd period - Shot Misses the Net.
17:44 of 3rd period - Shot by Cody Franson.
17:44 of 3rd period - Shot Misses the Net.
17:46 of 3rd period - Shot by Kyle Quincey.
17:46 of 3rd period - Stopped by Martin Jones with a rebound.
17:48 of 3rd period - Shot by Devante Smith-Pelly.
17:48 of 3rd period - Stopped by Martin Jones without a rebound.
17:49 of 3rd period - Nazem Kadri wins face-off versus Mike Fisher in VANCOUVER zone.
18:22 of 3rd period - Shot by Chris Kreider.
18:22 of 3rd period - Deflect By Corey Perry.
18:22 of 3rd period - Stopped by Martin Jones without a rebound.
18:23 of 3rd period - Mark Arcobello wins face-off versus Martin Hanzal in VANCOUVER zone.
19:52 of 3rd period - Shot by Nazem Kadri.
19:52 of 3rd period - Shot Misses the Net.
19:54 of 3rd period - Shot by Jonathan Huberdeau.
19:54 of 3rd period - Shot Misses the Net.
Goals for this period are 0 for VANCOUVER vs 2 for SAN JOSE.
Shots for this period are 5 for VANCOUVER vs 14 for SAN JOSE.